 Dungeon Crawl Stone Soup version 0.21-a0-584-g185da8e (webtiles) character file.

374 M4edhros the Sneak (level 6, -1/38 HPs)
             Began as an Octopode Artificer on Dec 21, 2017.
             Slain by a sky beast (5 damage)
             ... on level 5 of the Dungeon.
             The game lasted 00:08:01 (1467 turns).

M4edhros the Sneak (Octopode Artificer)             Turns: 1467, Time: 00:08:02

Health: -1/38      AC:  1    Str: 11    XL:     6   Next: 72%
Magic:  8/8        EV: 13    Int: 13    God:
Gold:   47         SH:  0    Dex: 15    Spells: 2/5 levels left

rFire    . . .     SeeInvis .   a - +0 short sword
rCold    . . .     Gourm    .   (no shield)
rNeg     . . .     Faith    .   (helmet restricted)
rPois    .         Spirit   .   (no amulet)
rElec    .         Reflect  .   (no ring)
rCorr    .         Harm     .   (no ring)
MR       .....                  (no ring)
Stlth    ++++......             (no ring)
HPRegen  0.12/turn              (no ring)
MPRegen  0.11/turn              (no ring)
                                (no ring)
                                (no ring)

@: no status effects
A: almost no armour, stealthy swim, amphibious, 8 rings, constrict 8, camouflage
1, gelatinous body 1
a: no special abilities


You were on level 5 of the Dungeon.
You were not hungry.

You visited 1 branch of the dungeon, and saw 6 of its levels.

You collected 201 gold pieces.
You spent 154 gold pieces at shops.

Inventory:

Hand Weapons
 a - a +0 short sword (weapon)
Armour
 g - a +0 shield
Wands
 b - a wand of flame (8)
 c - a wand of enslavement (8)
 d - a wand of random effects (3)
Scrolls
 e - a scroll of amnesia
 h - 4 scrolls of teleportation
 j - a scroll of immolation {unknown}
 n - 3 scrolls of remove curse {unknown}
 p - a scroll of enchant weapon {unknown}
 r - a scroll of enchant armour {unknown}
Potions
 i - 4 potions of curing
 k - 4 potions of lignification
 l - a potion of haste {unknown}
 m - 2 potions of ambrosia {unknown}
 o - a potion of berserk rage
Books
 q - a book of Minor Magic

   Spells                             Type                      Level
   a - Magic Dart                     Conjuration                  1
   b - Blink                          Translocation                2
   c - Call Imp                       Summoning                    2
   d - Slow                           Hexes                        2
   e - Conjure Flame                  Conjuration/Fire             3
   f - Mephitic Cloud                 Conjuration/Poison/Air       3
Comestibles
 f - 2 rations
 s - 2 chunks of flesh


   Skills:
 - Level 1.0 Fighting
 - Level 1.0 Short Blades
 - Level 2.0 Dodging
 + Level 6.6 Stealth
 + Level 4.4 Unarmed Combat
 + Level 0.1 Spellcasting
 + Level 0.2 Conjurations
 + Level 0.1 Air Magic
 + Level 0.3 Poison Magic
 - Level 3.2 Evocations


You had 2 spell levels left.
You knew the following spells:

 Your Spells              Type           Power        Failure   Level  Hunger
a - Mephitic Cloud        Conj/Pois/Air  #.......     63%         3    ####...


Dungeon Overview and Level Annotations

Branches:
Dungeon (6/15)
 Temple: D:4-7

Altars:
Fedhas
Nemelex Xobeh
Trog

Shops:
D:4 *[!}   D:5 ?

Annotations:
D:2 Natasha


Innate Abilities, Weirdness & Mutations

You cannot wear most types of armour.
You are very stealthy in the water. (Stealth+)
You are amphibious.
You can wear up to eight rings at the same time.
You can use your tentacles to constrict eight enemies at once.
Your skin changes colour to match your surroundings (Stealth+).
Your rubbery body absorbs attacks. (AC +1, EV +1)


Message History

The sky beast flickers out of sight!
Deactivating autopickup; reactivate with Ctrl-A.
A sky beast appears from thin air!
Reactivating autopickup.
The sky beast flickers out of sight!
Deactivating autopickup; reactivate with Ctrl-A.
The orc wizard shouts!
The orc wizard points at you and mumbles some strange words.
The magic dart hits something.
There is an open door here.
Things that are here:
a dagger; a robe A sky beast appears from thin air!
Reactivating autopickup.
The sky beast flickers out of sight!
Deactivating autopickup; reactivate with Ctrl-A.
Something hits you.
* * * LOW HITPOINT WARNING * * *
Something shocks you.
You die...

###o##### #.# #..)....#
#.# #..≈)...###.####
#.....≈.....#..#
#.....).....#.#
#...........'.###.
#...........#.......
###'#+#..{..........
#.#+#..@.......... #####
#................. ....#
#.....#.........## ###.#
#...............# #.#
#.....#.........#
###'######.....#....##...
#.....##.....#.#....# ..
#.....##.....#.#.#'##
#.....##.....#.#.#.#
....... ..


There were no monsters in sight!

Vanquished Creatures
  A bullfrog (D:4)
  A howler monkey (D:5)
  2 crimson imps (D:5)
  A hound (D:4)
  2 orc wizards
  A worker ant (D:5)
  2 adders
  3 worms
  2 leopard geckos (D:4)
  11 orcs
  A ball python (D:2)
  A giant cockroach (D:1)
  4 goblins
  5 hobgoblins
  6 bats
  4 frilled lizards
  A jackal skeleton (D:4)
  A kobold (D:2)
  A leopard gecko skeleton (D:5)
  2 rats
52 creatures vanquished.

Vanquished Creatures (collateral kills)
  A worker ant (D:4)
  8 orcs
9 creatures vanquished.

Vanquished Creatures (others)
  An orc (D:5)
  A giant cockroach (D:5)
  2 quokkas (D:5)
  A frilled lizard (D:5)
5 creatures vanquished.

Grand Total: 66 creatures vanquished

Notes
Turn   | Place    | Note
-------+----------+-------------------------------------------
     0 | D:1      | M4edhros the Octopode Artificer began the quest for the Orb.
     0 | D:1      | Reached XP level 1. HP: 13/13 MP: 3/3
    39 | D:1      | Reached skill level 2 in Stealth
    69 | D:1      | Reached skill level 1 in Unarmed Combat
    69 | D:1      | Reached XP level 2. HP: 10/18 MP: 4/4
   115 | D:2      | Noticed Natasha
   296 | D:2      | Reached skill level 3 in Stealth
   305 | D:2      | Reached XP level 3. HP: 6/23 MP: 5/5
   558 | D:4      | Noticed an ogre
   603 | D:4      | Found a sparkling altar of Nemelex Xobeh.
   607 | D:4      | Found a bloodstained altar of Trog.
   645 | D:4      | Reached skill level 4 in Stealth
   645 | D:4      | Reached XP level 4. HP: 10/28 MP: 6/6
   714 | D:4      | Found Mouzahov's Assorted Antiques.
   747 | D:4      | Noticed a bullfrog
   758 | D:4      | Killed a bullfrog
   758 | D:4      | Reached skill level 5 in Stealth
   758 | D:4      | Reached XP level 5. HP: 12/33 MP: 7/7
   789 | D:4      | Found Maeceigho's Gadget Shop.
   813 | D:4      | Found Niuhelom's Distillery.
   846 | D:4      | Bought 2 potions of lignification for 84 gold pieces
   846 | D:4      | Bought a potion of berserk rage for 70 gold pieces
   882 | D:4      | Found Coxkaock's Antique Armour Shop.
   910 | D:5      | Entered Level 5 of the Dungeon
   910 | D:5      | Found Founithu's Magic Scroll Emporium.
   967 | D:5      | Learned a level 3 spell: Mephitic Cloud
  1027 | D:5      | Noticed a sky beast
  1052 | D:5      | Reached XP level 6. HP: 24/38 MP: 8/8
  1065 | D:6      | Noticed a two-headed ogre
  1122 | D:5      | Reached skill level 6 in Stealth
  1226 | D:5      | Found a blossoming altar of Fedhas.
  1467 | D:5      | Slain by a sky beast

Vault maps used:
D:1:      kennysheep_arrival_seaside
D:2:      uniq_natasha
D:3:      grunt_qazlal_sundering, first_ration
D:4:      grunt_temple_overflow_open, serial_shops, shop_coins, shop, shop,
          kennysheep_little_box, nicolae_shop_behind_doors
D:5:      lemuel_round_altar, xom_confusion_cloud, serial_shops,
          nicolae_shop_stone
D:6:      nicolae_dithmenos_shadow_blocks

Skill      XL: |  1  2  3  4  5  6 |
---------------+-------------------+-----
Stealth        | 2 3 4 5 6 |  6.6
Unarmed Combat | 1 2 3 4 |  4.4
Fighting       | |  1.0
Short Blades   | |  1.0
Dodging        | |  2.0
Spellcasting   | |  0.1
Conjurations   | |  0.2
Air Magic      | |  0.1
Poison Magic   | |  0.3
Evocations     | |  3.2

Action                   |  1- 3 |  4- 6 || total
-------------------------+-------+-------++-------
Melee: Short sword       |    56 |    57 ||   113
       Constrict         |    16 |    16 ||    32
       Tentacles         |    13 |    15 ||    28
       Punch             |     1 |     2 ||     3
Evoke: Wand              |    14 |    12 ||    26
  Use: Potion            |     1 |       ||     1
       Scroll            |       |     3 ||     3
 Stab: Sleeping          |     8 |     2 ||    10
       Distracted        |       |     1 ||     1
  Eat: Chunk             |       |     2 ||     2
Armor: Skin              |     4 |     1 ||     5
Dodge: Dodged            |    26 |    33 ||    59

Table legend:
 A = Spawn XP
 B = Non-spawn XP
 C = Spawn XP percentage of total XP
 D = Spawn monster count
 E = Non-spawn monster count
 F = Spawn count percentage of total count
 G = Total turns spent on level
                    A         B        C        D         E        F      G
               +---------+---------+-------+---------+---------+-------+---------
         Total |       0 |     535 |   0.0 |       0 |      61 |   0.0 |  1467
               +---------+---------+-------+---------+---------+-------+---------
           D:1 |       0 |      22 |   0.0 |       0 |      12 |   0.0 |   228
           D:2 |       0 |      30 |   0.0 |       0 |      10 |   0.0 |   162
           D:3 |       0 |      21 |   0.0 |       0 |       9 |   0.0 |   129
           D:4 |       0 |     220 |   0.0 |       0 |      16 |   0.0 |   391
           D:5 |       0 |     242 |   0.0 |       0 |      14 |   0.0 |   543
               +---------+---------+-------+---------+---------+-------+---------
